 Dungeon Crawl Stone Soup version 0.24-a0-408-gcc1054c7ca (webtiles) character file.

Game seed: 10882484046290008194

33681 Lanoc the Whirler (level 14, -15/132 HPs)
             Began as a Halfling Chaos Knight on June 5, 2019.
             Was a Plaything of Xom.
             Engulfed by a steam dragon's steam (23 damage)
             ... on level 3 of the Lair of Beasts.
             The game lasted 01:19:01 (20142 turns).

Lanoc the Whirler (Halfling Chaos Knight)          Turns: 20142, Time: 01:19:02

Health: -15/132    AC: 27    Str: 13 (15) XL:     14   Next: 9%
Magic:  16/16      EV:  3    Int:  4 (10) God:    Xom [....*.]
Gold:   1550       SH:  7    Dex: 14 (22) Spells: 12/13 levels left

rFire    x . .     SeeInvis .   a - +0 short sword (chaos)
rCold    + . .     Gourm    +   s - +1 buckler
rNeg     + + +     Faith    .   (armour currently unavailable)
rPois    +         Spirit   .   (helmet currently unavailable)
rElec    +         Reflect  .   (cloak currently unavailable)
rCorr    .         Harm     .   (gloves currently unavailable)
MR       ++...     NoTele   +   (boots currently unavailable)
Stlth    +.........             L - amulet of the gourmand
HPRegen  0.72/turn              J - ring of protection from magic
MPRegen  0.15/turn              K - ring "Moserona" {Ice rElec rPois Dex+3}

@: tree-form, slowed, lost intelligence, very slow
A: small, repulsion field 1, blurry vision 1, deterioration 1, frail 1, high mp
2, mutation resistance 1, regeneration 1, strong 1
a: Renounce Religion


You were on level 3 of the Lair of Beasts.
You worshipped Xom.
You were a beloved toy of Xom.
You were very full.
You were a tree.
You visited 4 branches of the dungeon, and saw 20 of its levels.
You also visited: Sewer.

You collected 1695 gold pieces.
You spent 145 gold pieces at shops.

Inventory:

Hand Weapons
 a - a +0 short sword of chaos (weapon)
 l - a +3 hunting sling
Armour
 b - a +2 leather armour (melded)
 s - a +1 buckler (worn)
 z - a cursed +0 pair of gloves (melded)
 D - a +2 hat of see invisible (melded)
 H - the +2 pair of boots of Muttered Phrases (melded) {rC++ MR+ Int-5}
   (You found it on level 10 of the Dungeon)

   It affects your intelligence (-5).
   It greatly protects you from cold.
   It affects your resistance to hostile enchantments.
 I - a scarf of cloud immunity (melded)
Jewellery
 g - an uncursed ring of positive energy
 h - an uncursed ring of poison resistance
 E - an uncursed ring of resist corrosion
 J - a ring of protection from magic (left branch)
 K - the ring "Moserona" (right branch) {Ice rElec rPois Dex+3}
   (You bought it in a shop on level 1 of the Orcish Mines)

   [ring of ice]

   It enhances your ice magic.
   It affects your dexterity (+3).
   It makes you vulnerable to fire.
   It protects you from cold.
   It insulates you from electricity.
   It protects you from poison.
 L - an amulet of the gourmand (around neck)
 O - an uncursed ring of protection from cold
 R - an uncursed ring of protection from fire
Wands
 q - a wand of digging (4)
 v - a wand of disintegration (8)
 y - a wand of random effects (24)
 M - a wand of polymorph (6)
Scrolls
 d - 5 scrolls of teleportation
 i - 8 scrolls of remove curse
 j - 4 scrolls of blinking
 m - 11 scrolls of identify
 n - 2 scrolls of fear
 p - 2 scrolls of immolation
 r - 3 scrolls of amnesia
 w - a scroll of magic mapping
 A - a scroll of holy word
 Q - a scroll of silence
Potions
 x - 2 potions of brilliance
 C - a potion of lignification
 P - 2 potions of flight
Miscellaneous
 F - a fan of gales (inert)
Comestibles
 c - 28 rations


   Skills:
 + Level 9.8 Fighting
 + Level 6.2 Short Blades
 - Level 18.0 Slings
 + Level 11.3 Armour
 + Level 11.0 Dodging
 - Level 5.6 Shields


You had 12 spell levels left.
You knew the following spells:

 Your Spells              Type           Power        Failure   Level  Hunger
a - Apportation           Tloc           #.....       50%         1    ##.....

Your spell library contained the following spells:

 Spells                   Type           Power        Failure   Level  Hunger
 Animate Skeleton         Necr           N/A          50%         1    ##.....
 Beastly Appendage        Tmut           #.....       50%         1    ##.....
 Confusing Touch          Hex            #.....       50%         1    ##.....
 Sandblast                Erth           #.....       50%         1    ##.....
 Sting                    Conj/Pois      #...         50%         1    ##.....
 Summon Small Mammal      Summ           #...         50%         1    ##.....
 Call Imp                 Summ           #.......     65%         2    ###....
 Passwall                 Tmut/Erth      #.......     65%         2    ###....
 Poisonous Vapours        Pois/Air       #.....       65%         2    ###....
 Sticks to Snakes         Tmut           #.......     65%         2    ###....
 Call Canine Familiar     Summ           #.......     86%         3    ####...
 Mephitic Cloud           Conj/Pois/Air  #.......     86%         3    ####...
 Spider Form              Tmut/Pois      #.........   86%         3    ####...
 Stone Arrow              Conj/Erth      #.....       86%         3    ####...
 Summon Guardian Golem    Hex/Summ       #.......     86%         3    ####...
 Ice Form                 Ice/Tmut       #.......     99%         4    #####..
 Olgreb's Toxic Radiance  Pois           #.......     99%         4    #####..
 Petrify                  Tmut/Erth      #.......     99%         4    #####..
 Summon Ice Beast         Ice/Summ       #.......     99%         4    #####..
 Summon Lightning Spire   Summ/Air       #.......     99%         4    #####..
 Blade Hands              Tmut           #.........   100%        5    ######.
 Lee's Rapid Deconstruct  Erth           #.........   100%        5    ######.
 Venom Bolt               Conj/Pois      #.........   100%        5    ######.


Dungeon Overview and Level Annotations

Branches:
Dungeon (14/15)            Temple (1/1) D:6            Lair (3/6) D:8
    Orc (2/2) D:12
  Swamp: Lair:2-4    Shoals: Lair:2-4     Snake: Lair:2-4    Spider: Lair:2-4
    Elf: Orc:2       Vaults: D:13-14

Altars:
Dithmenos
Hepliaklqana
Vehumet
Wu Jian
Xom
Yredelemnul
Beogh

Shops:
D:8 ?   Orc:1 *

Annotations:
D:4 1 runed translucent door, TheOvate's ghost, novice CeHu
D:5 Prince Ribbit
D:13 3 runed translucent doors, Ijustatesigmund's ghost, journeyman OpFi
Lair:1 3 runed translucent doors, Joreh's ghost, journeyman OpFi; Ponis's ghost, journeyman DECj; Xaprouw's ghost, journeyman NaFE
Orc:1 exclusion: oklob plant


Innate Abilities, Weirdness & Mutations

You are small and have problems with some larger weapons.
You are somewhat resistant to further mutation.
((You have large cloven feet.))
You are surrounded by a mild repulsion field. (EV +2)
((You are partially covered in molten scales. (AC +2)))
Scrolls take you a little longer to read.
((Your flesh is cold resistant. (rC+)))
Your body sometimes deteriorates upon taking damage.
You are frail. (-10% HP)
You have a considerably increased reservoir of magic. (+20% MP)
Your natural rate of healing is unusually fast.
Your muscles are strong. (Str +2)


Message History

You are engulfed in a cloud of scalding steam.
* * * LOW HITPOINT WARNING * * *
The plant is engulfed in a cloud of scalding steam.
The steam dragon bites you but does no damage.
The steam dragon claws you but does no damage.
You hit the steam dragon.
The steam dragon is heavily wounded.
You are engulfed in a cloud of scalding steam.
The steam dragon bites you but does no damage.
The steam dragon claws you but does no damage.
You hit the steam dragon.
The steam dragon is heavily wounded.
You are engulfed in a cloud of scalding steam.
* * * LOW HITPOINT WARNING * * *
You block the steam dragon's attack.
The steam dragon claws you but does no damage.
You barely miss the hippogriff.
You are engulfed in a cloud of scalding steam.
You die...
Xom snickers!

............................
............................
............###.#.##########
.≈.≈.......#.######
.≈≈≈≈≈.....### ≈≈>?≈≈.....##
≈.≈.(≈≈.....# ≈..(≈≈.....##
≈≈!≈≈......♣# .≈≈≈≈.....HD#
..........FP# ..............
...............
.................
................
......((.......


You could see a hippogriff, a spiny frog and a steam dragon.

Vanquished Creatures
  3 orc warlords
  Harold (D:11)
  A centaur warrior (D:13)
  A two-headed ogre (D:8)
  Urug (D:10)
  2 unseen horrors
  4 orc knights
  An orc sorcerer (Orc:1)
  4 ugly things
  A cyclops (D:11)
  4 manticores
  Maurice (D:11)
  Joseph (D:7)
  A gargoyle (D:10)
  A rime drake (Lair:1)
  2 komodo dragons
  A tengu conjurer (D:13)
  3 meliai
  9 trolls
  A hornet (D:8)
  Grinder (D:6)
  3 blink frogs
  A tyrant leech (shapeshifter) (D:13)
  A blink frog (shapeshifter) (D:13)
  A raiju (D:8)
  5 hippogriffs
  8 yaks
  A spriggan (shapeshifter) (D:11)
  3 basilisks
  2 hungry ghosts
  3 wargs
  3 acid dragons
  6 water moccasins
  Purgy (Sewer)
  4 sky beasts
  22 orc warriors
  3 ice beasts
  4 phantoms
  A necrophage (D:8)
  6 ogres
  8 centaurs
  4 wolves (Lair:1)
  5 crocodiles
  A big kobold (D:13)
  6 bullfrogs
  4 scorpions
  12 killer bees
  4 electric eels (Lair:3)
  8 howler monkeys
  3 crimson imps
  2 quasits
  4 jellies
  18 orc priests
  4 hounds
  3 centaur zombies
  3 centaur skeletons
  A gnoll shaman (D:6)
  16 orc wizards
  An iguana (D:4)
  10 worker ants
  A hound zombie (D:9)
  A hound skeleton (D:4)
  8 adders
  A howler monkey skeleton (D:9)
  8 gnolls
  3 shadow imps
  2 oozes
  3 adder skeletons
  5 worms
  A dart slug (D:2)
  3 leopard geckos
  107 orcs
  6 ball pythons
  8 giant cockroaches
  9 goblins
  12 hobgoblins
  10 jackals
  A quokka (D:8)
  9 bats
  14 frilled lizards
  A jackal zombie (D:8)
  18 kobolds
  A leopard gecko skeleton (D:8)
  A leopard gecko zombie (D:5)
  10 rats
482 creatures vanquished.

Vanquished Creatures (collateral kills)
  Pikel (D:6)
  An orc knight (Orc:1)
  2 gargoyles
  A troll (D:9)
  A hippogriff (D:8)
  4 orc warriors (Orc:1)
  The ghost of ohad the Magician, an amateur OpTm (D:3)
  A bullfrog (D:9)
  3 orc priests
  A worker ant (D:9)
  3 gnolls
  A worker ant zombie (D:6)
  An ooze (D:6)
  A worm (D:4)
  3 orcs
  A giant cockroach (D:5)
  A leopard gecko skeleton (D:3)
  A quokka zombie (D:3)
28 creatures vanquished.

Vanquished Creatures (others)
  Dowan (D:6)
  A bullfrog zombie (D:3)
  A gnoll (D:6)
  2 orcs
  A fungus (Lair:1)
  A plant (D:8)
7 creatures vanquished.

Grand Total: 517 creatures vanquished

Notes
Turn   | Place    | Note
-------+----------+-------------------------------------------
     0 | D:1      | Lanoc the Halfling Chaos Knight began the quest for the
                  | Orb.
     0 | D:1      | Reached XP level 1. HP: 15/15 MP: 1/1
    16 | D:1      | XOM: divination: detect items
    66 | D:1      | Reached XP level 2. HP: 18/20 MP: 2/2
   259 | D:1      | Reached XP level 3. HP: 25/25 MP: 3/3
   729 | D:2      | Reached skill level 1 in Slings
   810 | D:2      | Reached XP level 4. HP: 23/31 MP: 4/4
   956 | D:2      | Reached skill level 2 in Slings
  1056 | D:2      | XOM: silly message
  1075 | D:2      | XOM: cast spell 'Summon Mana Viper'
  1083 | D:2      | Reached XP level 5. HP: 16/36 MP: 5/5
  1504 | D:2      | XOM: give mutations
  1504 | D:2      | Gained mutation: Your body sometimes deteriorates upon
                  | taking damage. [Xom's mischief]
  1504 | D:2      | Gained mutation: You are dopey. (Int -2) [Xom's mischief]
  1504 | D:2      | Gained mutation: Your body often deteriorates upon taking
                  | damage. [Xom's mischief]
  1612 | D:2      | Found a shadowy altar of Dithmenos.
  1829 | D:3      | Reached skill level 3 in Slings
  1854 | D:3      | XOM: harmless Chrm miscast
  2086 | D:3      | Found a hazy altar of Hepliaklqana.
  2155 | D:3      | Reached XP level 6. HP: 17/42 MP: 6/6
  2312 | D:3      | XOM: harmless Pois miscast
  2451 | D:3      | XOM is BORED!
  2451 | D:3      | XOM: summons 3 hostile demons
  2551 | D:3      | Found a runed translucent gate.
  2551 | D:3      | Found a runed translucent gate.
  2551 | D:3      | Found a runed translucent gate.
  2552 | D:3      | Noticed ohad's ghost (amateur OpTm)
  2708 | D:3      | Reached skill level 5 in Short Blades
  2708 | D:3      | Reached skill level 4 in Slings
  2708 | D:3      | XOM: divine lightning
  2709 | D:3      | XOM: cast spell 'Monstrous Menagerie'
  2713 | D:3      | Killed ohad's ghost
  2804 | D:4      | Reached skill level 1 in Shields
  2804 | D:4      | Reached XP level 7. HP: 29/46 MP: 7/7
  3004 | D:4      | XOM: enchant monster (good)
  3015 | D:4      | XOM: medium Ice miscast
  3050 | D:4      | Reached skill level 5 in Slings
  3073 | D:4      | XOM: cleaving
  3303 | D:4      | Found a runed translucent door.
  3305 | D:4      | Noticed TheOvate's ghost (novice CeHu)
  3347 | D:4      | XOM: enchant monster (bad)
  3360 | D:4      | XOM: cast spell 'Call Canine Familiar'
  3516 | D:4      | Reached skill level 6 in Slings
  3767 | D:5      | Entered Level 5 of the Dungeon
  3847 | D:5      | Reached XP level 8. HP: 35/54 MP: 8/8
  3848 | D:5      | XOM: smoke on damage
  3853 | D:5      | XOM: potion effect (berserk rage)
  3854 | D:5      | XOM: potion effect (brilliance)
  3883 | D:5      | HP: 2/54 [something (6)]
  3888 | D:5      | Found a basalt altar of Yredelemnul.
  3895 | D:5      | Lost mutation: You are dopey. (Int -2) [potion of mutation]
  3895 | D:5      | Lost mutation: Your body often deteriorates upon taking
                  | damage. [potion of mutation]
  3895 | D:5      | Gained mutation: Scrolls take you a little longer to read.
                  | [potion of mutation]
  3895 | D:5      | Gained mutation: Your flesh is cold resistant. (rC+)
                  | [potion of mutation]
  3915 | D:5      | Found a glowing drain.
  3935 | D:5      | XOM: cast spell 'Call Canine Familiar'
  3995 | D:5      | XOM: cloud trail
  4033 | Sewer    | Entered a sewer
  4111 | Sewer    | Noticed Purgy
  4124 | Sewer    | XOM: 3-stop teleportation journey
  4131 | Sewer    | Killed Purgy
  4131 | Sewer    | Reached skill level 7 in Slings
  4216 | D:5      | XOM: scenery: create altars
  4368 | D:5      | XOM: enchant monster (good)
  4374 | D:5      | XOM: fog
  4472 | D:5      | XOM: god gift: 16 gold pieces
  4889 | D:5      | XOM: mild Ice miscast
  5162 | D:6      | Reached skill level 5 in Armour
  5183 | D:6      | Noticed Grinder
  5216 | D:6      | Noticed Duvessa
  5216 | D:6      | Noticed Dowan
  5217 | D:6      | Noticed Prince Ribbit
  5239 | D:5      | XOM: fog
  5243 | D:5      | XOM: summons 8 friendly demons
  5462 | D:6      | Reached skill level 8 in Slings
  5638 | D:6      | XOM: polymorph orc wizard -> worker ant
  5696 | D:6      | XOM: give mutations
  5696 | D:6      | Gained mutation: You are surrounded by a mild repulsion
                  | field. (EV +2) [Xom's grace]
  5696 | D:6      | Gained mutation: Your system is resistant to poisons.
                  | (rPois) [Xom's grace]
  5696 | D:6      | Gained mutation: You have an increased reservoir of magic.
                  | (+10% MP) [Xom's grace]
  5696 | D:6      | Gained mutation: You have a considerably increased
                  | reservoir of magic. (+20% MP) [Xom's grace]
  5742 | D:6      | Found a staircase to the Ecumenical Temple.
  5745 | D:6      | XOM: give mutation
  5745 | D:6      | Gained mutation: Your muscles are strong. (Str +2) [Xom's
                  | grace]
  5751 | D:6      | Reached XP level 9. HP: 59/59 MP: 10/10
  5790 | D:6      | XOM: divination: magic mapping
  5839 | Temple   | Entered the Ecumenical Temple
  5849 | D:6      | XOM: polymorph Grinder -> Grinder
  5851 | D:6      | Paralysed by Grinder for 3 turns
  5867 | D:6      | Killed Grinder
  5867 | D:6      | Reached skill level 9 in Slings
  5867 | D:6      | Reached skill level 5 in Dodging
  5964 | D:6      | Reached skill level 5 in Fighting
  6076 | D:6      | XOM: destruction
  6088 | D:6      | XOM: polymorph ice beast -> acid dragon
  6088 | D:6      | Your ally died
  6124 | D:6      | Noticed Pikel
  6126 | D:6      | XOM: divination: magic mapping
  6136 | D:6      | Killed Pikel
  6243 | D:6      | Noticed Duvessa
  6243 | D:6      | Duvessa changed into Duvessa the ooze
  6243 | D:6      | XOM: polymorph Duvessa -> Duvessa the ooze
  6243 | D:6      | Killed Duvessa the ooze
  6320 | D:6      | XOM: give mutations
  6320 | D:6      | Gained mutation: Your mind is acute. (Int +2) [Xom's grace]
  6320 | D:6      | Gained mutation: Your spells are a little harder to cast,
                  | but a little more powerful. [Xom's grace]
  6537 | D:7      | Noticed Joseph
  6543 | D:7      | XOM: swap monsters
  6558 | D:7      | Killed Joseph
  6558 | D:7      | Reached skill level 10 in Slings
  6777 | D:7      | XOM: give mutation
  6777 | D:7      | Lost mutation: Your mind is acute. (Int +2) [Xom's
                  | mischief]
  6801 | D:7      | Reached XP level 10. HP: 34/66 MP: 6/12
  6919 | D:7      | XOM: medium Tmut miscast
  7126 | D:7      | XOM: mild Conj miscast
  7130 | D:7      | Reached skill level 5 in Shields
  7130 | D:7      | XOM: swap monsters
  7391 | D:7      | XOM: 1-stop teleportation journey
  7767 | D:7      | XOM: medium Conj miscast
  7790 | D:7      | Reached skill level 11 in Slings
  7846 | D:8      | XOM: polymorph hornet -> raiju
  7973 | D:8      | Found Misheam's Magic Scroll Boutique.
  8082 | D:8      | XOM: enchant monster (bad)
  8157 | D:8      | Noticed a two-headed ogre
  8162 | D:8      | XOM: summons friendly iron imp
  8170 | D:8      | Killed a two-headed ogre
  8193 | D:8      | Reached skill level 12 in Slings
  8279 | D:8      | XOM: harmless Conj miscast
  8473 | D:8      | XOM: harmless Summ miscast
  8496 | D:8      | Found a staircase to the Lair.
  8498 | D:8      | Noticed a komodo dragon
  8516 | D:8      | XOM: cast spell 'Statue Form'
  8519 | D:8      | XOM: summons friendly ufetubus
  8520 | D:8      | XOM: confuse monster(s)
  8530 | D:8      | Killed a komodo dragon
  8621 | D:8      | XOM: cast spell 'Call Canine Familiar'
  8692 | D:9      | XOM: noise
  8902 | D:9      | XOM: destruction
  8909 | D:9      | Reached XP level 11. HP: 74/74 MP: 13/13
  8939 | D:9      | XOM: summons 11 friendly demons
  9040 | D:9      | XOM: 1-stop teleportation journey
  9165 | D:9      | XOM: confuse monster(s)
  9273 | D:9      | XOM: summons friendly ufetubus
  9281 | D:9      | XOM: butterfly on damage
  9282 | D:9      | Reached skill level 13 in Slings
  9685 | D:9      | XOM: medium Ice miscast
  9710 | D:9      | Found an ornate altar of the Wu Jian Council.
  9744 | D:10     | Entered Level 10 of the Dungeon
  9747 | D:10     | XOM: destruction
  9790 | D:10     | XOM: 3-stop teleportation journey
 10093 | D:10     | XOM: 4-stop teleportation journey
 10094 | D:10     | XOM: harmless Fire miscast
 10277 | D:10     | XOM: scenery: create altars
 10386 | D:10     | Got a pair of crude boots
 10387 | D:10     | XOM: scenery: create altars
 10392 | D:10     | Identified the +2 pair of boots of Muttered Phrases {rC++
                  | MR+ Int-5} (You found it on level 10 of the Dungeon)
 10563 | D:10     | Noticed Urug
 10591 | D:10     | Killed Urug
 10748 | D:11     | Noticed a manticore
 11174 | D:11     | XOM: polymorph killer bee -> shapeshifter
 11233 | D:11     | XOM: smoke on damage
 11507 | D:11     | XOM: 4-stop teleportation journey
 11526 | D:11     | Reached skill level 14 in Slings
 11601 | D:11     | XOM: give mutation
 11601 | D:11     | Lost mutation: Your body sometimes deteriorates upon taking
                  | damage. [Xom's mischief]
 11696 | D:11     | XOM: medium Necr miscast
 12087 | D:8      | XOM: harmless Chrm miscast
 12097 | Lair:1   | Entered Level 1 of the Lair of Beasts
 12104 | Lair:1   | XOM: 1-stop teleportation journey
 12121 | Lair:1   | XOM: 1-stop teleportation journey
 12179 | Lair:1   | XOM: give mutations
 12179 | Lair:1   | Gained mutation: You are clumsy. (Dex -2) [Xom's mischief]
 12179 | Lair:1   | Gained mutation: Scrolls take you longer to read. [Xom's
                  | mischief]
 12179 | Lair:1   | Lost mutation: Scrolls take you longer to read. [Xom's
                  | mischief]
 12303 | Lair:1   | XOM: confuse monster(s)
 12338 | Lair:1   | XOM: cleaving
 12461 | Lair:1   | Reached XP level 12. HP: 67/81 MP: 14/14
 12476 | Lair:1   | XOM: enchant monster (good)
 12528 | Lair:1   | XOM: give mutation
 12528 | Lair:1   | Gained mutation: You have large cloven feet. [Xom's grace]
 12690 | Lair:1   | Found a runed translucent gate.
 12690 | Lair:1   | Found a runed translucent gate.
 12691 | Lair:1   | Found a runed translucent gate.
 12692 | Lair:1   | Noticed Joreh's ghost (journeyman OpFi)
 12692 | Lair:1   | Noticed Xaprouw's ghost (journeyman NaFE)
 12693 | Lair:1   | Noticed Xaprouw's ghost (journeyman NaFE)
 12693 | Lair:1   | Noticed Ponis's ghost (journeyman DECj)
 13100 | Lair:2   | XOM: god gift: glowing hat {god gift}
 13214 | Lair:2   | XOM: give mutations
 13214 | Lair:2   | Gained mutation: Your natural rate of healing is unusually
                  | fast. [Xom's grace]
 13214 | Lair:2   | Gained mutation: You have a pair of small horns on your
                  | head. [Xom's grace]
 13214 | Lair:2   | Gained mutation: You are partially covered in molten
                  | scales. (AC +2) [Xom's grace]
 13214 | Lair:2   | Gained mutation: Your muscles are very strong. (Str +4)
                  | [Xom's grace]
 13408 | Lair:2   | XOM: 1-stop teleportation journey
 13461 | Lair:2   | Reached skill level 15 in Slings
 13473 | Lair:2   | XOM: god gift: 23 sling bullets
 13636 | Lair:2   | XOM: summons 1 hostile shadow creature
 13862 | D:10     | XOM: give mutation
 13862 | D:10     | Lost mutation: You are clumsy. (Dex -2) [Xom's mischief]
 13928 | D:10     | XOM: cloud trail
 14030 | D:11     | Noticed an unseen horror
 14059 | D:11     | Killed an unseen horror
 14109 | D:11     | Noticed Harold
 14140 | D:11     | Killed Harold
 14220 | D:11     | XOM: harmless Summ miscast
 14401 | D:11     | Noticed Maurice
 14422 | D:11     | XOM: fake destruction
 14451 | D:11     | XOM: summons 12 friendly demons
 14508 | D:11     | XOM: summons friendly quasit
 14633 | D:11     | Learned a level 1 spell: Apportation
 14692 | D:11     | Killed Maurice
 14802 | D:12     | Found a radiant altar of Vehumet.
 14802 | D:12     | XOM: 5-stop teleportation journey
 15076 | D:12     | Noticed an unseen horror
 15091 | D:12     | Killed an unseen horror
 15091 | D:12     | Reached skill level 16 in Slings
 15370 | D:12     | XOM: harmless Fire miscast
 15683 | D:12     | Found a staircase to the Orcish Mines.
 15707 | D:12     | XOM: give mutations
 15707 | D:12     | Lost mutation: Your muscles are very strong. (Str +4)
                  | [Xom's mischief]
 15707 | D:12     | Lost mutation: Your spells are a little harder to cast, but
                  | a little more powerful. [Xom's mischief]
 15707 | D:12     | Gained mutation: Your body sometimes deteriorates upon
                  | taking damage. [Xom's mischief]
 15758 | D:12     | XOM: harmless Tloc miscast
 15859 | D:13     | XOM: confuse monster(s)
 15863 | D:13     | XOM: polymorph crimson imp -> quasit
 15889 | D:12     | XOM: medium Chrm miscast
 16137 | D:13     | XOM: summons friendly quasit
 16219 | D:13     | XOM: fake destruction
 16221 | D:13     | XOM: enchant monster (good)
 16230 | D:13     | Reached skill level 10 in Armour
 16230 | D:13     | Reached XP level 13. HP: 83/89 MP: 15/15
 16242 | D:13     | XOM: mild Conj miscast
 16244 | D:13     | XOM: scenery: create altars
 16425 | D:13     | XOM: destruction
 16436 | D:13     | XOM: scenery: create altars
 16535 | D:13     | Reached skill level 10 in Dodging
 16605 | D:13     | XOM: stat loss: -1 Dex (21/22)
 16625 | D:13     | Reached skill level 17 in Slings
 16769 | D:13     | XOM: give mutations
 16769 | D:13     | Lost mutation: You have a pair of small horns on your head.
                  | [Xom's mischief]
 16769 | D:13     | Lost mutation: Your system is resistant to poisons. (rPois)
                  | [Xom's mischief]
 16769 | D:13     | Gained mutation: You are frail. (-10% HP) [Xom's mischief]
 16833 | D:13     | Found a runed translucent gate.
 16833 | D:13     | Found a runed translucent gate.
 16833 | D:13     | Found a runed translucent gate.
 16842 | D:13     | Noticed Ijustatesigmund's ghost (journeyman OpFi)
 16845 | D:13     | Identified the +8 rapier of Fotutasiu {holy, rElec Str+3}
 16845 | D:13     | Identified the cursed +1 plate armour of Conscience {rF+}
 16938 | D:13     | XOM: swap monsters
 16971 | D:13     | XOM: 1-stop teleportation journey
 17243 | D:13     | XOM: confusion
 17483 | D:13     | Found a roughly hewn altar of Beogh.
 17505 | D:14     | Noticed a centaur warrior
 17505 | D:14     | Noticed a centaur warrior
 17518 | D:13     | Killed a centaur warrior
 17588 | Orc:1    | Entered Level 1 of the Orcish Mines
 17588 | Orc:1    | Found Caseleti's Assorted Antiques.
 17615 | D:12     | XOM: harmless Conj miscast
 17649 | D:12     | XOM: cast spell 'Shadow Creatures'
 17659 | D:12     | XOM: divine lightning
 17724 | Orc:1    | Bought a crude amber ring for 145 gold pieces
 17725 | Orc:1    | Identified the ring "Moserona" {Ice rElec rPois Dex+3} (You
                  | bought it in a shop on level 1 of the Orcish Mines)
 18015 | Orc:1    | Noticed an orc warlord
 18019 | Orc:1    | XOM: scenery: create altars
 18021 | Orc:1    | XOM: scenery: create altars
 18053 | D:12     | XOM: confuse monster(s)
 18072 | D:12     | XOM: butterfly on damage
 18074 | D:12     | XOM: fog
 18140 | D:12     | Killed an orc warlord
 18161 | D:12     | XOM: divination: magic mapping
 18378 | D:12     | HP: 1/81 [orc priest/divine providence (14)]
 18661 | Orc:1    | XOM: smoke on damage
 18668 | Orc:1    | XOM: summons friendly quasit
 18747 | Orc:1    | You fall into a shaft and drop 1 floor!
 18747 | Orc:2    | Entered Level 2 of the Orcish Mines
 18946 | Orc:1    | XOM: harmless Air miscast
 19037 | Orc:1    | XOM: god gift: 2 scrolls of teleportation
 19039 | Orc:1    | XOM: divination: detect creatures
 19084 | Orc:1    | Lost intelligence.
 19087 | Orc:1    | Reached skill level 18 in Slings
 19140 | Orc:1    | XOM: scenery: create altars
 19192 | Orc:1    | XOM: smoke on damage
 19259 | Orc:1    | Noticed an orc warlord
 19270 | Orc:1    | XOM: cast spell 'Summon Small Mammal'
 19272 | Orc:1    | Killed an orc warlord
 19306 | Orc:1    | XOM: potion effect (agility)
 19390 | Orc:1    | Reached XP level 14. HP: 88/88 MP: 16/16
 19642 | Orc:2    | Found a roughly hewn altar of Beogh.
 19709 | Orc:2    | XOM: mild Chrm miscast
 19726 | Orc:2    | Noticed an orc warlord
 19793 | Orc:1    | XOM: divination: detect items
 19794 | Orc:1    | XOM: cast spell 'Metabolic Englaciation'
 19813 | Orc:1    | Killed an orc warlord
 20142 | Lair:3   | Engulfed by a steam dragon's steam

Levels and vault maps discovered:
D:1:      eino_arrival_tree_alley, layout_rooms, grunt_decor_cap
D:2:      cheibrodos_pilgrimage, layout_basic,
          grunt_dithmenos_smoke_and_mirrors, minmay_misc_feat_chi,
          chequers_serial_rivers_micro_b, hex_intersection, minmay_lizard_king
D:3:      layout_rooms, lemuel_crystal_altar, gammafunk_ghost_necromancy,
          minmay_cut_off
D:4:      layout_rooms, first_ration, gammafunk_ghost_grave, st_stairs_13
D:5:      layout_cave_pools, nicolae_overflow_crystal_walls,
          gup_sewer_entry_glass, minmay_misc_feat_tiny
D:6:      layout_basic, minmay_temple_entry_stoned_glass, uniq_duvessa,
          uniq_prince_ribbit1, uniq_pikel, uniq_grinder
D:7:      layout_basic, uniq_joseph
D:8:      layout_cave_pools, david_lair_shrubbed, serial_shops,
          nicolae_shop_stone
D:9:      layout_basic, lemuel_coloured_pillars_altar
D:10:     layout_basic, uniq_urug
D:11:     layout_small_grid, uniq_harold, uniq_maurice
D:12:     layout_loops_ring, hiddenorc2_lemuel, basic_altar
D:13:     layout_long_grid, biasface_ghost_orc_armoury
D:14:     layout_loops_ring, erik_vaults_1, serial_shops,
          nicolae_shop_behind_doors, fountainhead, uniq_rupert
Temple:   dpeg_five_rooms_temple
Lair:1:   layout_hall_layers, gammafunk_ghost_cemetery
Lair:2:   layout_cave_shapes, serial_bayou_shore_b
Lair:3:   layout_big_grid, disabler_island, infiniplex_staircase_pool_2,
          lemuel_fruit_fields, serial_bayou_shore_b
Orc:1:    layout_caves, special_room [special_room_orc], serial_shops,
          nicolae_shop_overgrown_old_shop, mines3_lemuel
Orc:2:    grunt_orc_cross, layout_caves, serial_shops, shop_statue, basic_altar,
          nicolae_orc_tapped_out

Skill      XL: |  1  2  3  4  5  6  7  8  9 10 11 12 13 14 |
---------------+-------------------------------------------+-----
Short Blades   | 4 5 6 |  6.2
Fighting       | 3 4 5 6 7 8 9 |  9.8
Slings         | 1 2 3 4 6 8 10 12 14 16 18 | 18.0
Dodging        | 2 3 4 5 7 8 9 10 11 | 11.0
Armour         | 3 4 5 6 7 8 10 11 | 11.3
Shields        | 1 2 3 4 5 |  5.6

Action                   |  1- 3 |  4- 6 |  7- 9 | 10-12 | 13-15 || total
-------------------------+-------+-------+-------+-------+-------++-------
Melee: Short sword       |    74 |       |    12 |       |   464 ||   550
       Hunting sling     |       |       |     1 |     4 |     2 ||     7
 Fire: Hunting sling     |    67 |   248 |   639 |  1778 |   565 ||  3297
Throw: Throwing net      |       |       |       |       |     6 ||     6
Evoke: Wand              |       |       |     3 |       |    12 ||    15
       Fan of gales      |       |       |       |       |     1 ||     1
  Use: Scroll            |       |       |    13 |    15 |     3 ||    31
       Potion            |       |       |     9 |     6 |     7 ||    22
 Stab: Petrified         |       |       |       |       |    12 ||    12
       Confused          |       |       |       |       |     7 ||     7
       Petrifying        |       |       |       |       |     5 ||     5
       Held in net/web   |       |       |       |       |     3 ||     3
       Paralysed         |       |       |       |       |     2 ||     2
  Eat: Chunk             |       |     5 |    12 |    32 |    18 ||    67
       Ration            |       |       |       |     1 |       ||     1
Armor: Leather armour    |    32 |    31 |    44 |   116 |    63 ||   286
       Skin              |       |       |       |       |    10 ||    10
Dodge: Dodged            |    73 |   110 |   207 |   578 |   535 ||  1503
Block: Buckler           |       |     7 |    70 |   249 |   257 ||   583

Table legend:
 A = Non-vault XP
 B = Vault XP
 C = Vault XP percentage of total XP
 D = Non-vault monster count
 E = Vault monster count
 F = Vault count percentage of total count
                 A         B        C        D         E       F
            +---------+---------+-------+---------+---------+-------
      Total |   36666 |   11451 |  23.8 |     406 |     106 |  20.7
            +---------+---------+-------+---------+---------+-------
        D:1 |      37 |       0 |   0.0 |      23 |       0 |   0.0
        D:2 |      72 |      66 |  47.8 |      32 |      16 |  33.3
        D:3 |     155 |     104 |  40.2 |      19 |       6 |  24.0
        D:4 |     521 |       4 |   0.8 |      16 |       1 |   5.9
        D:5 |     420 |      19 |   4.3 |      19 |       4 |  17.4
        D:6 |    1100 |     709 |  39.2 |      35 |       3 |   7.9
        D:7 |     930 |     460 |  33.1 |      28 |       1 |   3.4
        D:8 |    2279 |     378 |  14.2 |      23 |       1 |   4.2
        D:9 |    1678 |       0 |   0.0 |      32 |       0 |   0.0
       D:10 |    2514 |     843 |  25.1 |      22 |       1 |   4.3
       D:11 |    4420 |    1482 |  25.1 |      20 |       2 |   9.1
       D:12 |    7525 |     409 |   5.2 |      39 |      32 |  45.1
       D:13 |    8265 |       0 |   0.0 |      37 |       0 |   0.0
     Lair:1 |    3007 |       0 |   0.0 |      17 |       0 |   0.0
     Lair:2 |    1302 |       0 |   0.0 |       7 |       0 |   0.0
     Lair:3 |      93 |     404 |  81.3 |       1 |       5 |  83.3
      Orc:1 |    2348 |    6301 |  72.9 |      36 |      27 |  42.9
      Orc:2 |       0 |     129 | 100.0 |       0 |       1 | 100.0
      Sewer |       0 |     143 | 100.0 |       0 |       6 | 100.0
            +---------+---------+-------+---------+---------+-------
